 Dungeon Crawl Stone Soup version 0.18-a0-23-g19353e1 (webtiles) character file.

694 Nopony the Magician (level 7, 0/36 HPs)
             Began as a Deep Elf Wizard on Nov 2, 2015.
             Was an Initiate of Gozag.
             Slain by Edmund
             ... wielding a +5 flail of crushing
              (10 damage)
             ... on level 5 of the Dungeon.
             The game lasted 00:44:10 (5856 turns).

Nopony the Magician (Deep Elf Wizard)               Turns: 5856, Time: 00:44:10

Health: 0/36       AC:  7    Str:  4    XL:     7   Next: 37%
Magic:  4/19       EV: 14    Int: 25    God:    Gozag
Gold:   519        SH:  0    Dex: 13    Spells: 5 memorised, 10 levels left

rFire  . . .     SeeInvis .     (no weapon)
rCold  . . .     Clarity  .     a - +0 robe
rNeg   . . .     SustAt   .     (no shield)
rPois  .         Gourm    .     t - +0 helmet
rElec  .         Spirit   .     (no cloak)
rCorr  .         Warding  .     (no gloves)
rMut   +         Stasis   .     l - +0 pair of boots (curse)
MR     .....                    k - amulet of resist mutation
Stlth  ++........               F - +3 ring of protection
                                E - ring of wizardry

@: very slightly contaminated, not resistant to hostile enchantments, unstealthy
A: no striking features
a: Potion Petition, Call Merchant, Bribe Branch, Renounce Religion


You were on level 5 of the Dungeon.
You worshipped Gozag.
Gozag was noncommittal.
You were not hungry.

You visited 1 branch of the dungeon, and saw 5 of its levels.

You collected 568 gold pieces.
You paid 49 gold pieces to Gozag.

Inventory:

Hand Weapons
 m - a +0 long sword
 p - a +1 dagger of draining
 y - a +1 flail of draining
 G - a cursed -1 shortbow
Missiles
 j - 55 arrows
 x - 5 curare-tipped needles
 B - 13 sling bullets of flame
Armour
 a - a +0 robe (worn)
 b - a +0 hat
 l - a cursed +0 pair of boots (worn)
 n - a +0 pair of boots
 t - a +0 helmet (worn)
Jewellery
 k - an amulet of resist mutation (around neck)
 E - a ring of wizardry (left hand)
 F - a +3 ring of protection (right hand)
 I - an uncursed ring of protection from fire
Scrolls
 e - 5 scrolls of identify
 f - 6 scrolls of remove curse {unknown}
 g - 2 scrolls of enchant weapon
 h - a scroll of teleportation {unknown}
 i - a scroll of blinking
 o - a scroll of recharging {unknown}
 r - a scroll of magic mapping {unknown}
 w - 3 scrolls of fog
 A - a scroll of enchant armour {unknown}
Potions
 q - a potion of curing {unknown}
 s - a potion of cancellation {unknown}
 u - 2 potions of lignification {unknown}
 v - a potion of poison {unknown}
 z - a potion of brilliance {unknown}
 C - a potion of flight {unknown}
 D - a potion of resistance {unknown}
Books
 c - a book of Minor Magic

   Spells                             Type                      Level
   a - Magic Dart                     Conjuration                  1
   b - Blink                          Translocation                2
   c - Call Imp                       Summoning                    2
   d - Repel Missiles                 Charms/Air                   2
   e - Slow                           Hexes                        2
   f - Conjure Flame                  Conjuration/Fire             3
   g - Mephitic Cloud                 Conjuration/Poison/Air       3
Comestibles
 d - 5 bread rations
 H - a beef jerky


   Skills:
 + Level 4.1 Dodging
 - Level 2.5 Stealth
 + Level 7.2 Spellcasting
 * Level 3.7 Conjurations
 * Level 4.8 Summonings
 + Level 1.1 Translocations
 * Level 2.2 Air Magic
 + Level 0.2 Poison Magic


You had 10 spell levels left.
You knew the following spells:

 Your Spells              Type           Power        Failure   Level  Hunger
a - Magic Dart            Conj           ####         1%          1    None
b - Blink                 Tloc           N/A          4%          2    None
c - Call Imp              Summ           ####....     1%          2    None
d - Mephitic Cloud        Conj/Pois/Air  ###.....     4%          3    None
e - Repel Missiles        Chrm/Air       ##....       4%          2    None


Dungeon Overview and Level Annotations

Branches:
Dungeon (5/15)
 Temple: D:4-7

Altars:
Gozag
Okawaru

Annotations:
D:5 Edmund


Message History

Your crimson imp appears confused.
The orc wizard hits your crimson imp but does no damage.
Your crimson imp closely misses the orc wizard.
The orc wizard mumbles some strange words.
The orc wizard flickers and vanishes!
Deactivating autopickup; reactivate with Ctrl-A.
Edmund hits you with a flail of crushing!
The centaur shoots an arrow.
The arrow hits your crimson imp!
Your crimson imp appears confused.
The centaur shoots an arrow.
The arrow hits your crimson imp!
Your crimson imp dies!
Edmund hits you with a flail of crushing.
* * * LOW HITPOINT WARNING * * *
The centaur shoots an arrow.
The arrow is repelled.
You feel less protected from missiles.
The arrow barely misses Edmund.
You feel less confused.
Edmund hits you with a flail of crushing!
You die...
Your body crumbles into a pile of gold.

####....###..#
######### ##..
####......# #...
#####..# ##.#. #.#
##.### ##..## #..#
#.....############(##
#.........(c......#####
#....@...######...##...
#.....@...# ###(.....
##.........# ##'###..
#.........# ##≈.≈.#..
#...........# #.≈$≈##..
#.##........# ##≈.≈.#..
#.. ####.....#
#.≈.≈##.. # #######
##§.≈.#.. #.≈.≈##5.
###_###..


You could see Edmund and a centaur.

Vanquished Creatures
  A giant frog (D:4)
  A scorpion (D:5)
  2 orc priests
  An iguana (D:4)
  2 hounds (D:4)
  3 orc wizards
  A worker ant (D:4)
  3 adders
  A gnoll (D:5)
  A worm (D:2)
  3 adder skeletons (D:4)
  3 giant geckos
  7 orcs
  3 bats
  9 goblins
  8 hobgoblins
  8 kobolds
  A quokka (D:4)
  3 giant cockroaches
  2 giant newts
  4 rats
67 creatures vanquished.

Vanquished Creatures (collateral kills)
  A centaur (D:4)
  A scorpion (D:4)
  A crimson imp (D:5)
  A giant frog zombie (D:4)
  An orc priest (D:5)
  An orc wizard (D:4)
  Terence (D:2)
  A worker ant (D:5)
  A hound zombie (D:4)
  A gnoll (D:5)
  3 adders (D:3)
  A worm (D:3)
  4 orcs
  2 goblins (D:5)
20 creatures vanquished.

Grand Total: 87 creatures vanquished

Notes
Turn   | Place    | Note
--------------------------------------------------------------
     0 | D:1      | Nopony the Deep Elf Wizard began the quest for the Orb.
     0 | D:1      | Reached XP level 1. HP: 10/10 MP: 7/7
   431 | D:1      | Reached XP level 2. HP: 15/15 MP: 2/9
   554 | D:1      | Learned a level 2 spell: Blink
   557 | D:1      | Learned a level 2 spell: Call Imp
   584 | D:1      | Reached skill level 5 in Spellcasting
  1206 | D:2      | Reached XP level 3. HP: 19/19 MP: 8/11
  1327 | D:2      | Found a faded altar to an unknown god.
  1555 | D:2      | Noticed Terence
  1570 | D:2      | Killed Terence
  1685 | D:3      | Learned a level 3 spell: Mephitic Cloud
  1890 | D:3      | Found an opulent altar of Gozag.
  1926 | D:3      | Reached XP level 4. HP: 24/24 MP: 10/13
  1943 | D:3      | Became a worshipper of Gozag Ym Sagoz the Greedy
  1987 | D:3      | Reached skill level 6 in Spellcasting
  2868 | D:4      | Noticed a giant frog
  3044 | D:4      | Reached XP level 5. HP: 22/28 MP: 0/15
  3200 | D:4      | Reached skill level 1 in Air Magic
  3739 | D:4      | Reached XP level 6. HP: 9/32 MP: 7/17
  4470 | D:5      | Entered Level 5 of the Dungeon
  4573 | D:4      | Learned a level 2 spell: Repel Missiles
  5241 | D:5      | Reached XP level 7. HP: 36/36 MP: 4/19
  5244 | D:5      | Reached skill level 7 in Spellcasting
  5800 | D:5      | Found an iron altar of Okawaru.
  5847 | D:5      | Noticed Edmund
  5856 | D:5      | Slain by Edmund

Vault maps used:
D:1:      dpeg_arrival_three_bigger_balls
D:2:      ecumenical_altar_1, uniq_terence
D:3:      old_standard_altar
D:4:      minmay_door_path, kennysheep_mini_moat
D:5:      okawaru_altar_gauntlet_db, first_bread, uniq_edmund

Action                   |  1- 3 |  4- 6 |  7- 9 || total
-------------------------+-------+-------+-------++-------
Melee: Unarmed           |       |       |     3 ||     3
 Cast: Magic Dart        |    92 |   120 |    40 ||   252
       Call Imp          |     9 |    34 |     9 ||    52
       Mephitic Cloud    |       |     9 |     1 ||    10
       Blink             |       |     1 |     2 ||     3
       Repel Missiles    |       |     1 |       ||     1
  Use: Scroll            |     1 |     3 |     1 ||     5
  Eat: Bread ration      |     1 |       |       ||     1
       Pizza             |       |     1 |       ||     1
       Meat ration       |       |     1 |     1 ||     2
       Beef jerky        |       |     1 |       ||     1
